 Dungeon Crawl Stone Soup version 0.23-a0-642-g3120c2f (webtiles) character file.

3541 MisterFreud the Protected (level 9, -3/81 HPs)
             Began as a Minotaur Abyssal Knight on Dec 30, 2018.
             Was a Priest of Lugonu.
             Slain by an orc warrior
             ... wielding a +0 halberd
              (14 damage)
             ... on level 8 of the Dungeon.
             The game lasted 00:16:16 (6118 turns).

MisterFreud the Protected (Minotaur Abyssal Knight) Turns: 6118, Time: 00:16:17

Health: -3/81      AC: 15    Str: 21    XL:     9   Next: 82%
Magic:  3/14       EV: 11    Int:  9    God:    Lugonu [***...]
Gold:   406        SH:  0    Dex:  9    Spells: 8/8 levels left

rFire    + . .     SeeInvis .   a - +2 falchion
rCold    . . .     Gourm    .   (no shield)
rNeg     . . .     Faith    .   t - +0 chain mail
rPois    .         Spirit   .   (helmet restricted)
rElec    .         Reflect  .   j - +0 cloak
rCorr    .         Harm     .   u - +0 pair of gloves
MR       +....                  H - +0 pair of boots
Stlth    ..........             s - amulet of rage
HPRegen  0.23/turn              z - ring of protection from magic
MPRegen  0.14/turn              G - ring of protection from fire

@: no status effects
A: retaliatory headbutt, horns 2
a: Depart the Abyss, Bend Space, Banish, Renounce Religion, Evoke Berserk Rage


You were on level 8 of the Dungeon.
You worshipped Lugonu.
Lugonu was most pleased with you.
You were hungry.

You visited 1 branch of the dungeon, and saw 8 of its levels.
You visited the Abyss 1 time.

You collected 406 gold pieces.

Inventory:

Hand Weapons
 a - a +2 falchion (weapon)
 m - the +9 dagger "Qamegg" {venom, rC+ Stlth+}
   (You found it on level 7 of the Dungeon)

   It poisons the flesh of those it strikes.
   It protects you from cold.
   It makes you more stealthy.
Missiles
 h - 241 stones (quivered)
 p - 52 arrows
 r - 57 bolts
 A - 15 sling bullets
Armour
 b - a +0 leather armour
 j - a +0 cloak (worn)
 t - a +0 chain mail (worn)
 u - a +0 pair of gloves (worn)
 H - a +0 pair of boots (worn)
Jewellery
 s - an amulet of rage (around neck)
 z - a ring of protection from magic (left hand)
 G - a ring of protection from fire (right hand)
Wands
 o - a wand of iceblast (21)
 x - a wand of paralysis (3)
 E - a wand of random effects (33)
Scrolls
 e - a scroll of fog
 f - a scroll of remove curse {unknown}
 l - 4 scrolls of teleportation
 n - 4 scrolls of enchant weapon
 v - a scroll of immolation {unknown}
 w - 4 scrolls of fear
 y - a scroll of magic mapping {unknown}
 C - a scroll of enchant armour {unknown}
Potions
 d - a potion of agility
 g - a potion of lignification
 i - 2 potions of mutation
 k - 2 potions of heal wounds
 q - a potion of flight
 B - 2 potions of degeneration
 D - a potion of invisibility
 F - a potion of curing
 I - a potion of ambrosia {unknown}
Comestibles
 c - 12 rations
 J - 5 chunks of flesh


   Skills:
 - Level 8.1 Fighting
 + Level 4.3 Long Blades
 - Level 8.2 Armour
 + Level 7.8 Dodging
 - Level 8.0 Invocations


You had 8 spell levels left.
You didn't know any spells.
Your spell library was empty.

Dungeon Overview and Level Annotations

Branches:
Dungeon (8/15)             Temple (0/1) D:6
   Lair: D:8-11

Altars:
Ashenzari
Makhleb
Qazlal
Trog
Wu Jian
Xom

Shops:
D:4 (

Annotations:
D:3 2 runed doors, Calas's ghost, amateur GrFi


Innate Abilities, Weirdness & Mutations

You reflexively headbutt those who attack you in melee.
You have a pair of horns on your head.


Message History

The orc hits you but does no damage.
You hear a croak.
You miss the orc wizard. You headbutt the orc wizard.
The orc wizard is almost dead.
The orc wizard hits you but does no damage.
The orc wizard hits you with a +0 dagger.
The orc warrior hits you from afar with a +0 halberd!!
* * * LOW HITPOINT WARNING * * *
The orc wizard closely misses you.
You riposte.
You hit the orc wizard.
The orc wizard is heavily wounded.
The orc hits you but does no damage. The orc wizard barely misses you.
You furiously retaliate!
You headbutt the orc wizard, but do no damage.
You hit the orc wizard.
You kill the orc wizard!
Lugonu accepts your kill.
The orc wizard hits you with a +0 dagger.
* * * LOW HITPOINT WARNING * * *
The orc warrior hits you from afar with a +0 halberd!
You die...

........o##.#
.......#.#.#
..........##
#.#.....#.#.##
#...o....o...#
..#..#.#o###.#
...o #.#.###
...##o#)#o..#
..H...†@o.#.#
.####.#####.#
# #.# #.# ....
#.# ##.#. #.#
#....#####.#
#........##.#
.......#.##.#


You could see a hippogriff, an orc warrior, 2 orc wizards and an orc.

Vanquished Creatures
  Pikel (D:6)
  Prince Ribbit (D:5)
  Eustachio (D:6)
  Menkaure (D:6)
  A water moccasin (D:7)
  2 phantoms
  An ice beast (D:7)
  A sky beast (D:7)
  4 ogres
  4 bullfrogs
  3 big kobolds
  3 scorpions
  4 wights (D:6)
  A crimson imp (D:7)
  A quasit (D:7)
  4 hounds
  A jelly (D:2)
  A bullfrog skeleton (D:5)
  3 orc priests
  A centaur skeleton (D:8)
  Jessica (D:3)
  2 orc wizards
  Ijyb (D:5)
  2 iguanas (D:6)
  4 worker ants
  A hound zombie (D:7)
  4 gnolls (D:5)
  A howler monkey skeleton (D:5)
  9 adders
  2 shadow imps
  An ooze (D:5)
  An adder zombie (D:7)
  2 adder skeletons
  A worm (D:2)
  6 leopard geckos
  12 orcs
  5 bats
  3 giant cockroaches
  7 goblins
  12 hobgoblins
  2 jackals (D:2)
  4 quokkas
  2 ball pythons
  19 kobolds
  10 rats
153 creatures vanquished.

Vanquished Creatures (others)
  3 orc warriors
  A slave (D:6)
  A bullfrog (D:6)
  A wight (D:6)
  A hound (D:6)
  A leopard gecko (D:6)
  An orc (D:6)
9 creatures vanquished.

Grand Total: 162 creatures vanquished

Notes
Turn   | Place    | Note
-------+----------+-------------------------------------------
     0 | Abyss:1  | MisterFreud the Minotaur Abyssal Knight began the quest for
                  | the Orb.
     0 | Abyss:1  | Reached XP level 1. HP: 19/19 MP: 1/1
    66 | Abyss:1  | Found a bloodstained altar of Trog.
    79 | Abyss:1  | Noticed a thrashing horror
    80 | D:1      | Escaped the Abyss
   192 | D:1      | Reached * piety under Lugonu
   193 | D:1      | Reached XP level 2. HP: 21/28 MP: 2/2
   620 | D:2      | Reached skill level 5 in Fighting
   620 | D:2      | Reached XP level 3. HP: 34/36 MP: 3/3
   753 | D:2      | Reached XP level 4. HP: 28/44 MP: 4/4
   998 | D:2      | Found a stormy altar of Qazlal.
  1394 | D:2      | Reached XP level 5. HP: 51/51 MP: 5/5
  1493 | D:2      | Reached ** piety under Lugonu
  2004 | D:4      | Reached XP level 6. HP: 36/61 MP: 6/6
  2019 | D:4      | Found Afrodyel's Weapon Emporium.
  2059 | D:3      | Found a runed door.
  2062 | D:3      | Noticed Calas's ghost (amateur GrFi)
  2064 | D:3      | Noticed Jessica
  2072 | D:3      | Killed Jessica
  2125 | D:3      | Found a runed door.
  2545 | D:4      | Reached XP level 7. HP: 68/68 MP: 9/9
  2668 | D:4      | Reached skill level 5 in Invocations
  2892 | D:5      | Entered Level 5 of the Dungeon
  2918 | D:5      | Noticed Ijyb
  2944 | D:5      | Killed Ijyb
  3156 | D:5      | Found a shimmering altar of Xom.
  3196 | D:5      | Noticed Prince Ribbit
  3293 | D:5      | Killed Prince Ribbit
  3293 | D:5      | Reached *** piety under Lugonu
  3293 | D:5      | Reached XP level 8. HP: 35/74 MP: 10/12
  3746 | D:5      | Found an ornate altar of the Wu Jian Council.
  3750 | D:5      | Found a shattered altar of Ashenzari.
  3752 | D:5      | Found a burning altar of Makhleb.
  3752 | D:5      | Found a bloodstained altar of Trog.
  3755 | D:5      | Found a stormy altar of Qazlal.
  3815 | D:6      | Noticed Menkaure
  4063 | D:6      | Killed Menkaure
  4339 | D:6      | Found a staircase to the Ecumenical Temple.
  4354 | D:6      | Noticed Pikel
  4386 | D:6      | Killed Pikel
  4489 | D:6      | Noticed Eustachio
  4522 | D:6      | Killed Eustachio
  4522 | D:6      | Reached XP level 9. HP: 46/81 MP: 14/14
  5195 | D:6      | Reached skill level 5 in Dodging
  5541 | D:7      | Got a bloodstained dagger
  5542 | D:7      | Identified the +9 dagger "Qamegg" {venom, rC+ Stlth+} (You
                  | found it on level 7 of the Dungeon)
  6118 | D:8      | Slain by an orc warrior

Vault maps used:
D:1:      wander_arrival_lonely_grave, minmay_pentomino_x4
D:2:      nicolae_qazlal_eye_of_the_storm
D:3:      cheibrodos_thug_alley, ebering_ghost_sewer_f, corner_web_ring,
          uniq_jessica
D:4:      serial_shops, nicolae_shop_competitors_out_of_business
D:5:      xom_butterflies, minitemple, first_ration, uniq_ijyb,
          uniq_prince_ribbit1
D:6:      minmay_temple_entry_sparse_star, serial_glass, glass_columns_c,
          glass_columns_c, uniq_menkaure, uniq_eustachio, uniq_pikel
D:8:      grunt_livestock, kennysheep_flooded_box, minmay_fractal_squares_5,
          uniq_maurice

Skill      XL: |  1  2  3  4  5  6  7  8  9 |
---------------+----------------------------+-----
Fighting       | 4 5 6 8 |  8.1
Invocations    | 4 7 8 |  8.0
Armour         | 8 |  8.2
Dodging        | 7 |  7.8
Long Blades    | 4 |  4.3

Action                   |  1- 3 |  4- 6 |  7- 9 || total
-------------------------+-------+-------+-------++-------
Melee: Falchion          |    44 |   168 |   364 ||   576
       Headbutt          |     6 |    19 |    66 ||    91
Throw: Stone             |       |       |    21 ||    21
Invok: Depart the Abyss  |     1 |       |       ||     1
       Banish            |       |       |     5 ||     5
Evoke: Wand              |       |     6 |     1 ||     7
  Use: Scroll            |       |       |    12 ||    12
       Potion            |       |       |     1 ||     1
 Stab: Paralysed         |       |    15 |       ||    15
  Eat: Chunk             |       |     5 |    10 ||    15
       Ration            |       |       |     1 ||     1
Armor: Leather armour    |    14 |    23 |       ||    37
       Chain mail        |       |    70 |   262 ||   332
Dodge: Dodged            |    28 |    83 |   207 ||   318
       Rpst.: Falchion   |    12 |    24 |    55 ||    91

Table legend:
 A = Non-vault XP
 B = Vault XP
 C = Vault XP percentage of total XP
 D = Non-vault monster count
 E = Vault monster count
 F = Vault count percentage of total count
                 A         B        C        D         E       F
            +---------+---------+-------+---------+---------+-------
      Total |    3437 |    1622 |  32.1 |     138 |      20 |  12.7
            +---------+---------+-------+---------+---------+-------
        D:1 |      21 |       3 |  12.5 |      13 |       2 |  13.3
        D:2 |     180 |       0 |   0.0 |      33 |       0 |   0.0
        D:3 |     105 |     239 |  69.5 |      11 |      12 |  52.2
        D:4 |     346 |       0 |   0.0 |       8 |       0 |   0.0
        D:5 |     494 |     313 |  38.8 |      14 |       2 |  12.5
        D:6 |    1099 |    1022 |  48.2 |      28 |       3 |   9.7
        D:7 |     904 |       0 |   0.0 |      23 |       0 |   0.0
        D:8 |     288 |      45 |  13.5 |       8 |       1 |  11.1
            +---------+---------+-------+---------+---------+-------
